 Dungeon Crawl Stone Soup version 0.17-a0-72-gd614ac0 (webtiles) character file.

68489 Ngotmuk the Bludgeoner (level 15, -9/99 HPs)
             Began as a Human Fighter on Mar 13, 2015.
             Was the Champion of Cheibriados.
             Engulfed by a fire crab's flame (17 damage)
             ... on level 8 of the Lair of Beasts.
             The game lasted 02:11:18 (22623 turns).

Ngotmuk the Bludgeoner (Human Fighter)             Turns: 22623, Time: 02:11:18

Health: -9/99      AC: 19    Str: 37    XL:     15   Next: 70%
Magic:  24/24      EV: 19    Int: 39    God:    Cheibriados [******]
Gold:   2065       SH: 15    Dex: 24    Spells: 2 memorised, 10 levels left

rFire  . . .     SeeInvis .     x - +3 morningstar of Lac Faz {freeze, rElec Int+4 Dex-4}
rCold  + . .     Clarity  +     v - +1 mottled dragon armour
rNeg   + . .     SustAb   .     c - +0 shield
rPois  .         Gourm    .     w - +0 helmet
rElec  +         Spirit   .     (no cloak)
rCorr  .         Warding  .     j - +2 pair of gloves {archery}
rMut   .         Stasis   .     p - +0 pair of boots
MR     .....                    F - amulet of clarity
Stlth  ++........               y - +4 ring of protection
                                L - ring "Thef Ent" {rC+ rN+ MR- Int+11}

@: very slow, not resistant to hostile enchantments, unstealthy
A: hooves 1, berserk 1, frail 1, low mp 1, mutation resistance 1
a: Bend Time, Temporal Distortion, Slouch, Step From Time, Renounce Religion


You were on level 8 of the Lair of Beasts.
You worshipped Cheibriados.
Cheibriados was exalted by your worship.
You were not hungry.

You visited 3 branches of the dungeon, and saw 24 of its levels.

You collected 2173 gold pieces.
You spent 108 gold pieces at shops.

Inventory:

Hand weapons
 r - the +8 short sword "Coemany" {flame, MP+9 Int+4 Dex+4}
   (You took it off an orc on level 12 of the Dungeon)

   It has been specially enchanted to burn those struck by it, causing extra
   injury to most foes and up to half again as much damage against particularly
   susceptible opponents.
   It affects your intelligence (+4).
   It affects your dexterity (+4).
   It affects your magic capacity (+9).
 x - the +3 morningstar of Lac Faz (weapon) {freeze, rElec Int+4 Dex-4}
   (You found it on level 5 of the Dungeon)

   It has been specially enchanted to freeze those struck by it, causing extra
   injury to most foes and up to half again as much damage against particularly
   susceptible opponents.
   It can also slow down cold-blooded creatures.
   It affects your intelligence (+4).
   It affects your dexterity (-4).
   It insulates you from electricity.
Armour
 c - a +0 shield (worn)
 j - a +2 pair of gloves of archery (worn)
 p - a +0 pair of boots (worn)
 v - a +1 mottled dragon armour (worn)
 w - a +0 helmet (worn)
 B - a +3 leather armour of cold resistance
 G - the +2 pair of boots of Thakon {-Cast MR+++ Int-5 Dex+4}
   (You found it on level 12 of the Dungeon)

   It affects your intelligence (-5).
   It affects your dexterity (+4).
   It affects your resistance to hostile enchantments.
   It prevents spellcasting.
Jewellery
 a - an uncursed ring of poison resistance
 g - an uncursed ring of wizardry
 t - an uncursed ring of see invisible
 y - a +4 ring of protection (right hand)
 F - an amulet of clarity (around neck)
 K - an uncursed ring of protection from magic
 L - the ring "Thef Ent" (left hand) {rC+ rN+ MR- Int+11}
   (You found it on level 8 of the Lair of Beasts)

   [ring of positive energy]

   It affects your intelligence (+11).
   It protects you from cold.
   It protects you from negative energy.
   It affects your resistance to hostile enchantments.
Magical devices
 A - a wand of digging (16)
 N - a wand of magic darts (30)
Scrolls
 b - 9 scrolls of teleportation
 e - 4 scrolls of magic mapping
 f - 5 scrolls of fog
 i - 17 scrolls of remove curse
 l - 3 scrolls of enchant weapon
 z - a scroll of identify
 C - 3 scrolls of recharging
 E - 4 scrolls of blinking
 J - a scroll of amnesia
 O - a scroll of brand weapon {unknown}
Potions
 h - 6 potions of curing
 k - 4 potions of restore abilities
 o - a potion of cancellation
 q - 4 potions of brilliance
 D - a potion of invisibility
 H - 2 potions of agility
 I - a potion of resistance
 M - a potion of lignification {unknown}
Comestibles
 d - 19 bread rations
 m - 29 beef jerkies
 n - 25 fruits
 s - a meat ration


   Skills:
 + Level 8.1 Fighting
 * Level 17.4 Maces & Flails
 + Level 8.1 Armour
 + Level 8.3 Dodging
 + Level 10.0 Shields
 - Level 4.1 Conjurations
 - Level 4.2 Air Magic
 - Level 4.3 Poison Magic
 - Level 8.3 Invocations


You had 10 spell levels left.
You knew the following spells:

 Your Spells              Type           Power        Failure   Level  Hunger
a - Mephitic Cloud        Conj/Pois/Air  ####....     8%          3    ####...
b - Apportation           Tloc           #.........   12%         1    ##.....


Dungeon Overview and Level Annotations

Branches:
Dungeon (12/15)            Temple (0/1) D:7            Lair (8/8) D:11
 Shoals (0/5) Lair:3        Snake (0/5) Lair:5        Slime (0/6) Lair:6
    Orc (4/4) D:9
    Elf: Orc:3-4

Altars:
Cheibriados
Elyvilon
Kikubaaqudgha
Makhleb
Okawaru
Ru
Trog
Vehumet
The Shining One

Shops:
D:7 (   Orc:1 *%   Orc:3 *

Annotations:
D:11 exclusion: ice statue
Lair:8 1 runed door


Innate Abilities, Weirdness & Mutations

You have large cloven feet.
You tend to lose your temper in combat.
You are frail (-10% HP).
Your magical capacity is low (-10% MP).
You are somewhat resistant to further mutation.


Message History

The lindwurm barely misses you. You block the lindwurm's attack.
You puncture the worm!! You freeze the worm.
The worm is severely wounded.
Your surroundings suddenly seem different.
You start resting.
A fire crab comes into view.
A fire crab is nearby!
You start resting.
The fire crab breathes flames at you. The blast of flame engulfs you!
You are engulfed in roaring flames.
The fire crab breathes flames at you. The blast of flame misses you.
You are engulfed in roaring flames.
* * * LOW HITPOINT WARNING * * *
The fire crab breathes flames at you. The blast of flame engulfs you!
* * * LOW HITPOINT WARNING * * *
You feel better.
You are engulfed in roaring flames.
You die...

.+....#..P...#..............#
.......#...............P...##
.......##.............P..P##
.......##................##
..............t......P..P####
.................[.P...P#...#####
...............§.......#.....#.#.
........#......§.§.[=P#..........
.........#....§§@..######...#....
.P............§§§§.# ####.#...
.P......P.......§§.# ########
..................## ####.##.#.#
......#....##.....## ##.#....#.#.
#P#.# ##.####..P##.# #...........
## ## ######## #...........
##..#.#...#.# #..#####.####


You could see a fire crab.

Vanquished Creatures
  Fannar (Lair:7)
  Harold (D:12)
  7 hydras
  14 death yaks
  Nergalle (Lair:5)
  An unseen horror (D:12)
  A necromancer (Lair:2)
  3 hill giants
  An orc sorcerer (Orc:3)
  A griffon (Lair:7)
  A manticore (D:11)
  A queen ant (D:8)
  22 elephants
  5 black mambas
  10 spiny frogs
  3 torpor snails (Lair:8)
  A gargoyle (D:11)
  13 komodo dragons
  A fire drake (Lair:7)
  2 trolls
  11 polar bears
  3 blink frogs (Lair:5)
  Grinder (D:6)
  A raiju (Lair:8)
  A giant leech (Lair:8)
  2 boulder beetles
  4 two-headed ogres
  3 basilisks
  24 yaks
  A hungry ghost (D:12)
  3 deep elf magi
  Eustachio (D:8)
  22 wolves
  4 vampire mosquitoes (D:12)
  11 wargs
  7 hippogriffs
  A naga (Lair:5)
  5 hell hounds (Lair:8)
  10 water moccasins
  20 soldier ants (D:8)
  2 mottled dragons
  13 porcupines
  3 sky beasts
  An eye of draining (D:12)
  16 black bears
  The ghost of wvc the Slasher, an average NaWr of Dithmenos (D:3)
  6 orc warriors
  12 ogres
  5 centaurs
  5 wasps
  3 boring beetles
  6 crocodiles
  Sigmund (D:3)
  27 giant frogs
  A big kobold (D:10)
  A gnoll sergeant (D:10)
  Blork the orc (D:8)
  A wyvern skeleton (D:7)
  19 killer bees
  2 jellies (D:12)
  A scorpion (D:11)
  3 wights (D:12)
  An electric eel (Lair:6)
  4 goliath beetles
  21 hounds
  A giant frog zombie (D:11)
  6 crimson imps
  15 orc priests
  A centaur zombie (D:12)
  3 yak simulacra (Lair:2)
  2 giant frog skeletons
  11 iguanas
  2 quasits
  19 orc wizards
  30 worker ants
  A polar bear simulacrum (Lair:2)
  13 sheep
  3 wolf simulacra (Lair:2)
  2 worker ant zombies (D:10)
  A hound skeleton (D:4)
  Robin (D:2)
  26 adders
  15 gnolls
  49 river rats
  3 shadow imps
  2 giant mites
  12 worms
  An adder skeleton (D:7)
  11 giant geckos
  2 oozes
  108 orcs
  A ball python (D:1)
  A bat skeleton (D:5)
  A bat zombie (D:7)
  13 giant cockroaches
  22 hobgoblins
  18 jackals
  19 kobolds
  15 quokkas
  16 bats
  4 giant newts
  19 goblins
  16 rats
  4 river rat simulacra (Lair:2)
  6 ballistomycetes
  6 fungi
  4 plants
886 creatures vanquished.

Vanquished Creatures (others)
  2 giant spores
  A bush (D:6)
  15 fungi (Lair:8)
  12 plants
30 creatures vanquished.

Grand Total: 916 creatures vanquished

Notes
Turn   | Place    | Note
--------------------------------------------------------------
     0 | D:1      | Ngotmuk, the Human Fighter, began the quest for the Orb.
     0 | D:1      | Reached XP level 1. HP: 18/18 MP: 1/1
   176 | D:1      | Reached XP level 2. HP: 24/24 MP: 2/2
   422 | D:1      | Reached XP level 3. HP: 29/29 MP: 3/3
   822 | D:2      | Noticed Robin
   885 | D:3      | Reached XP level 4. HP: 28/35 MP: 4/4
  1023 | D:3      | Noticed wvc's ghost (average NaWr)
  1070 | D:4      | Reached skill level 4 in Maces & Flails
  1294 | D:4      | Reached XP level 5. HP: 33/41 MP: 5/5
  1503 | D:4      | Reached skill level 5 in Maces & Flails
  1581 | D:4      | Reached XP level 6. HP: 28/47 MP: 6/6
  1818 | D:4      | Found a radiant altar of Vehumet.
  1894 | D:4      | Reached skill level 6 in Maces & Flails
  2494 | D:2      | Killed Robin
  3137 | D:2      | Reached XP level 7. HP: 52/52 MP: 7/7
  3149 | D:2      | Found a snail-covered altar of Cheibriados.
  3340 | D:2      | Became a worshipper of Cheibriados the Contemplative
  3667 | D:3      | Reached skill level 7 in Maces & Flails
  3677 | D:3      | Killed wvc's ghost
  3778 | D:3      | Noticed Sigmund
  3803 | D:3      | Acquired Cheibriados' first power
  3817 | D:3      | Killed Sigmund
  3817 | D:3      | Reached skill level 8 in Maces & Flails
  4700 | D:5      | Entered Level 5 of the Dungeon
  4712 | D:5      | Got a translucent morningstar
  4713 | D:5      | Identified the +3 morningstar of Lac Faz {freeze, rElec Int+4 Dex-4} (You found it on level 5 of the Dungeon)
  4754 | D:5      | Reached XP level 8. HP: 56/58 MP: 8/8
  4904 | D:5      | Found a sacrificial altar of Ru.
  5289 | D:6      | Reached skill level 9 in Maces & Flails
  5634 | D:6      | Found an iron altar of Okawaru.
  5934 | D:6      | Noticed Grinder
  5940 | D:6      | Paralysed by Grinder for 2 turns
  5947 | D:6      | Killed Grinder
  5947 | D:6      | Reached XP level 9. HP: 57/66 MP: 9/9
  6163 | D:7      | Acquired Cheibriados' second power
  6372 | D:7      | Reached skill level 10 in Maces & Flails
  6372 | D:7      | Reached skill level 5 in Armour
  6373 | D:7      | Found a white marble altar of Elyvilon.
  6374 | D:7      | Reached skill level 5 in Fighting
  6550 | D:7      | Found Ghaffil's Antique Weapon Shop.
  6746 | D:7      | Found a staircase to the Ecumenical Temple.
  7104 | D:7      | Acquired Cheibriados' third power
  7308 | D:8      | Noticed Blork the orc
  7313 | D:8      | Killed Blork the orc
  7428 | D:8      | Reached XP level 10. HP: 60/76 MP: 10/10
  7458 | D:8      | Reached skill level 11 in Maces & Flails
  7574 | D:8      | Gained mutation: You are agile. (Dex +2) [mutagenic meat]
  7629 | D:8      | Acquired Cheibriados' fourth power
  7636 | D:8      | Noticed a queen ant
  7649 | D:8      | Killed a queen ant
  7720 | D:8      | Reached skill level 12 in Maces & Flails
  7877 | D:8      | Reached XP level 11. HP: 76/84 MP: 11/11
  8067 | D:8      | Noticed Eustachio
  8075 | D:8      | Killed Eustachio
  8082 | D:8      | Gained mutation: You have large cloven feet. [potion of mutation]
  8082 | D:8      | Gained mutation: You are frail (-10% HP). [potion of mutation]
  8499 | D:9      | Found a staircase to the Orcish Mines.
  8535 | D:9      | Reached skill level 13 in Maces & Flails
  8687 | D:9      | Found a burning altar of Makhleb.
  8692 | D:9      | Found an ancient bone altar of Kikubaaqudgha.
  8697 | D:9      | Found a glowing golden altar of the Shining One.
  8867 | D:9      | Learned a level 3 spell: Mephitic Cloud
  8942 | D:9      | Found a white marble altar of Elyvilon.
  9043 | D:10     | Entered Level 10 of the Dungeon
  9076 | D:10     | Gained mutation: Your magical capacity is low (-10% MP). [mutagenic meat]
  9212 | D:10     | Reached skill level 1 in Poison Magic
  9246 | D:10     | Found an iron altar of Okawaru.
  9315 | D:10     | Reached skill level 1 in Conjurations
  9351 | D:10     | Reached skill level 1 in Air Magic
  9440 | D:10     | Noticed a hill giant
  9444 | D:10     | Killed a hill giant
 10069 | D:11     | Found a staircase to the Lair.
 10259 | D:11     | Noticed a manticore
 10265 | D:11     | Killed a manticore
 10542 | D:11     | Reached XP level 12. HP: 67/82 MP: 10/10
 10722 | D:11     | Noticed an ice statue
 10913 | D:12     | Got a pair of twisted boots
 10930 | D:12     | Identified the +2 pair of boots of Thakon {-Cast MR+++ Int-5 Dex+4} (You found it on level 12 of the Dungeon)
 11332 | D:12     | Noticed Harold
 11341 | D:12     | Killed Harold
 11494 | D:12     | Got a faintly glowing short sword
 11496 | D:12     | Identified the +8 short sword "Coemany" {flame, MP+9 Int+4 Dex+4} (You took it off an orc on level 12 of the Dungeon)
 11550 | D:12     | Reached skill level 14 in Maces & Flails
 11570 | D:12     | Noticed a skeletal warrior
 11571 | D:12     | Noticed a skeletal warrior
 11576 | D:12     | Noticed a skeletal warrior
 11616 | D:12     | Reached skill level 5 in Shields
 11926 | Orc:1    | Entered Level 1 of the Orcish Mines
 11927 | Orc:1    | Found Wacus' Food Shoppe.
 11929 | Orc:1    | Found Abbeqoce's Assorted Antiques.
 11958 | Orc:1    | Bought a pair of embroidered gloves for 108 gold pieces
 12125 | Orc:2    | Found a bloodstained altar of Trog.
 12307 | Orc:3    | Found Wacuru's General Store.
 12850 | Orc:4    | Entered Level 4 of the Orcish Mines
 12866 | Orc:4    | Reached skill level 1 in Dodging
 13494 | Lair:1   | Entered Level 1 of the Lair of Beasts
 13599 | Lair:1   | Reached XP level 13. HP: 83/88 MP: 11/11
 13854 | Lair:1   | Reached skill level 1 in Invocations
 14374 | Lair:2   | Found a labyrinth entrance.
 14583 | Lair:2   | Reached skill level 15 in Maces & Flails
 15858 | Lair:3   | Reached skill level 5 in Dodging
 16007 | Lair:3   | Found a staircase to the Shoals.
 16957 | Lair:4   | Reached XP level 14. HP: 52/94 MP: 19/19
 17663 | Lair:4   | Reached skill level 5 in Invocations
 18042 | Lair:5   | Reached skill level 16 in Maces & Flails
 18171 | Lair:5   | Noticed Nergalle
 18180 | Lair:5   | Killed Nergalle
 18291 | Lair:5   | Found a staircase to the Snake Pit.
 19774 | Lair:6   | Found a staircase to the Slime Pits.
 20311 | Lair:7   | Gained mutation: You tend to lose your temper in combat. [potion of mutation]
 20311 | Lair:7   | Lost mutation: You are agile. (Dex +2) [potion of mutation]
 20311 | Lair:7   | Gained mutation: You are somewhat resistant to further mutation. [potion of mutation]
 20622 | Lair:7   | Noticed Fannar
 20632 | Lair:7   | Killed Fannar
 20697 | Lair:7   | Learned a level 1 spell: Apportation
 20980 | Lair:7   | Reached XP level 15. HP: 90/99 MP: 22/22
 21180 | Lair:8   | Entered Level 8 of the Lair of Beasts
 21792 | Lair:8   | Reached skill level 17 in Maces & Flails
 22176 | Lair:8   | Got a translucent glass ring
 22179 | Lair:8   | Identified the ring "Thef Ent" {rC+ rN+ MR- Int+11} (You found it on level 8 of the Lair of Beasts)
 22428 | Lair:8   | Reached skill level 10 in Shields
 22451 | Lair:8   | Found a runed door.
 22506 | Lair:8   | HP: 4/99 [lindwurm/blast of flame (24)]
 22622 | Lair:8   | HP: 2/99 [fire crab/blast of flame (7)]
 22623 | Lair:8   | Engulfed by a fire crab's flame

Action                   |  1- 3 |  4- 6 |  7- 9 | 10-12 | 13-15 || total
-------------------------+-------+-------+-------+-------+-------++-------
Melee: Flail             |    78 |   192 |   112 |       |       ||   382
       Morningstar       |       |       |   180 |   575 |   880 ||  1635
       Unarmed           |       |       |    20 |       |       ||    20
 Cast: Mephitic Cloud    |       |       |       |       |     1 ||     1
Invok: Bend Time         |       |       |       |     1 |       ||     1
       Slouch            |       |       |       |       |     1 ||     1
  Use: Potion            |     1 |       |     3 |     5 |     7 ||    16
       Scroll            |       |     5 |    15 |    13 |    10 ||    43
 Stab: Sleeping          |       |       |       |     3 |     1 ||     4
       Distracted        |       |       |       |     1 |       ||     1
       Confused          |       |       |       |       |     1 ||     1
  Eat: Royal jelly       |       |     1 |       |     2 |       ||     3
       Fruit             |       |     8 |       |     2 |     6 ||    16
       Beef jerky        |       |     1 |       |       |       ||     1
       Meat ration       |       |       |     2 |     1 |     3 ||     6
       Chunk             |       |       |       |     3 |       ||     3
       Pizza             |       |       |       |     2 |     1 ||     3
